Map: Submarine LE

Players

Dasian

  • Race: Zerg Zerg
  • League: Diamond
  • Spawn Location: 11:00

Cynicusme - Winner!

  • Race: Zerg Zerg
  • League: Diamond
  • Spawn Location: 5:00

VOD

Have the link to the VOD?

Description

Time

  • Played on: June 15, 2020, 4:56 a.m.
  • Length: 4:58
Show
View Real Time Build Order
Export as new Build Order

Dasian Zerg 

Build Orders: Hatch First 

Get SALT Encoding   

  12  0:01  Drone  
  13  0:14  Overlord  
  13  0:22  Drone  
  14  0:33  Drone x2  
  16  0:49  Hatchery  
  15  0:53  Drone  
  15  0:56  Drone  
  17  1:07  Extractor  
  16  1:13  Drone  
  16  1:16  Spawning Pool  
  16  1:21  Drone x2  
  18  1:30  Drone  
  19  2:03  Zergling x2  
  19  2:05  Zergling x4  
  19  2:06  Queen x2  
  18  2:23  Zergling x8  
  18  2:58  Spawning Pool  
  9  3:46  Zergling x6  
  9  3:47  Spine Crawler  
  11  4:10  Drone x2  
  10  4:28  Drone  
Show
View Real Time Build Order
Export as new Build Order

Cynicusme Zerg - Winner!

Build Orders: Pool Only 

Get SALT Encoding   

  12  0:02  Drone  
  13  0:25  Spawning Pool  
  12  0:31  Overlord  
  12  0:42  Drone x2  
  14  1:13  Zergling x6  
  17  1:31  Spine Crawler  
  17  1:32  Zergling x2, Spine Crawler  
  17  1:35  Queen  
  17  1:38  Zergling x2  
  19  1:47  Zergling x2  
  20  1:57  Zergling x2  
  21  2:13  Zergling x2  
  20  2:26  Zergling x2  
  21  2:51  Zergling x2  
  21  2:58  Spine Crawler  
  20  3:02  Zergling x2  
  18  3:23  Zergling x6  
  11  3:36  Spine Crawler  
  9  3:44  Zergling x6  
  12  4:09  Zergling x8  
Tags
 
Add a new tag
Caveats
  • Supply blocks, unpowered buildings, or Contaminate may cause inaccurate times.
  • Supply counts are checked every 10 seconds.